 Dungeon Crawl Stone Soup version 0.31.0-9-g3a7656b989 (webtiles) character file.

Game seed: 4259678144729072067

14 qw the Shooter (level 2, -1/16 HPs)
             Began as a Deep Elf Hunter on Feb 2, 2024.
             Succumbed to their own poison gas
             ... on level 1 of the Dungeon.
             The game lasted 00:00:01 (659 turns).

qw the Shooter (Deep Elf Hunter)                     Turns: 659, Time: 00:00:02

Health: -1/16      AC:  3    Str:  8    XL:     2   Next: 27%
Magic:  4/4        EV: 12    Int: 13    God:
Gold:   32         SH:  0    Dex: 24    Spells: 1/1 levels left

rFire   . . .        a - +0 shortbow
rCold   . . .        (shield currently unavailable)
rNeg    + . .        c - +0 leather armour
rPois   .            (no helmet)
rElec   .            (no cloak)
rCorr   .            (no gloves)
SInv    .            (no boots)
Will    .....        (no amulet)
Stlth   ++           d - ring of positive energy
HPRegen 0.22/turn    j - +6 ring of dexterity
MPRegen 0.09/turn

%: no passive effects
@: lethally poisoned (-1 -> -8)
A: no striking features
a: no special abilities


You were on level 1 of the Dungeon.
You visited 1 branch of the dungeon, and saw 1 of its levels.

You collected 32 gold pieces.


   Skills:
 - Level 1.5 Fighting
 + Level 6.1 Ranged Weapons
 - Level 2.4 Dodging
 - Level 1.2 Stealth


You had one spell level left.
You didn't know any spells.
Your spell library was empty.

Inventory:

Hand Weapons
 a - a +0 shortbow (weapon)
Armour
 c - a +0 leather armour (worn)
Jewellery
 d - a ring of positive energy (left hand)
 j - a +6 ring of dexterity (right hand)
Potions
 e - a potion of heal wounds {unknown}
 g - a potion of attraction {unknown}

Dungeon Overview and Level Annotations

Branches:
Dungeon (1/15)

Altars:


Message History

You start waiting.
Your surroundings suddenly seem different.
Done exploring.
652 ||| READING scroll labelled GETOZ ZUPATORU.
As you read the scroll labelled GETOZ ZUPATORU, it crumbles to dust.
It is a scroll of enchant armour.
652 ||| ENCHANTING +0 shortbow.
Done exploring.
653 ||| READING scroll labelled QUXZOIN FYWK.
The air fills with toxic fumes!
As you read the scroll labelled QUXZOIN FYWK, it crumbles to dust.
It was a scroll of poison.
Done exploring.
654 ||| DROPPING scroll of butterflies.
You drop a scroll of butterflies.
Done exploring.
What level of the Dungeon? (default 1, ? - help) Sorry, I don't know how to get there.
Enter note:
Enter note:
Enter note:
Enter note:
Enter note:
Enter note:
Enter note:
Enter note:
Enter note:
Enter note:
Enter note:
Enter note: You are engulfed in poison gas.
You are lethally poisoned!
You feel very sick.
656 ||| Stepping ~*~*~tactically~*~*~ (cloud).
You feel very sick.
You see here a scroll of butterflies.
There is a lethal amount of poison in your body!
You feel very sick.
There is a lethal amount of poison in your body!
You feel very sick.
There is a lethal amount of poison in your body!
You die...

### #.###### #.......
#######################.######
####.....¤0¤0¤0¤..#...........###
..........¤¤0¤¤¤#¤#.........#....
.###.#######¤¤¤¤#¤###########....
.# #...# #0¤00¤¤@¤0¤#.......#....
.# #...# #.#.#¤¤#.#.#.#####.#....
.# #...# #.#.#¤¤#.#.#.# #.#.#..
.# #...# #.#.#0¤#.#.#.#####.#.#..
.# #...# #.#.#¤¤#.#.#.......#.#..
.# #.### #...#¤¤#.#.#.#######.#..
.# #.#########¤¤#.#.#............
.###.........¤¤0#.#.#########.###
)#..............#.#..............


There were no monsters in sight!

Vanquished Creatures
  3 ball pythons (D:1)
  2 endoplasms (D:1)
  A hobgoblin (D:1)
  A frilled lizard (D:1)
  2 goblins (D:1)
  2 kobolds (D:1)
  2 rats (D:1)
13 creatures vanquished.

Notes
Turn   | Place    | Note
-------+----------+-------------------------------------------
     0 | D:1      | qw the Deep Elf Hunter began the quest for the Orb.
     0 | D:1      | Reached XP level 1. HP: 12/12 MP: 3/3
     0 | D:1      | 0 ||| qw: Version: 0.3-a-155-g5e7d8dd
     0 | D:1      | 0 ||| qw: Game counter: 2191
     0 | D:1      | 0 ||| qw: Melee chars always use a shield: true
     0 | D:1      | 0 ||| qw: God list: Okawaru
     0 | D:1      | 0 ||| qw: Allow faded altars: false
     0 | D:1      | 0 ||| qw: Do Orc after clearing Dungeon:15 true
     0 | D:1      | 0 ||| qw: Do second Lair branch before Depths: true
     0 | D:1      | 0 ||| qw: Lair rune preference: random
     0 | D:1      | 0 ||| qw: Goals: Normal
     0 | D:1      | 0 ||| PLANNING D:1-11
   230 | D:1      | Reached skill level 6 in Ranged Weapons
   230 | D:1      | Reached XP level 2. HP: 16/16 MP: 4/4
   647 | D:1      | 647 ||| UPGRADING to ring of positive energy.
   648 | D:1      | 648 ||| UPGRADING to +6 ring of dexterity.
   649 | D:1      | 649 ||| READING scroll labelled PIAGRY ZANNACO.
   652 | D:1      | 652 ||| READING scroll labelled GETOZ ZUPATORU.
   652 | D:1      | 652 ||| ENCHANTING +0 shortbow.
   653 | D:1      | 653 ||| READING scroll labelled QUXZOIN FYWK.
   654 | D:1      | 654 ||| DROPPING scroll of butterflies.
   656 | D:1      | 656 ||| Stepping ~*~*~tactically~*~*~ (cloud).
   657 | D:1      | HP: 4/16 [poisoned by you (poison gas)]
   658 | D:1      | HP: 1/16 [poisoned by you (poison gas)]
   659 | D:1      | Succumbed to their own poison gas

Levels and vault maps discovered:
D:1:      psy_arrival_conway, layout_basic

Skill      XL: |  1 |
---------------+----+-----
Ranged Weapons | 6 |  6.1
Fighting       | |  1.5
Dodging        | |  2.4
Stealth        | |  1.2

Action                     || total
---------------------------++-------
   Fire: Shortbow          ||    20
    Use: Scroll            ||     3

Table legend:
 A = Non-vault XP
 B = Vault XP
 C = Vault XP percentage of total XP
 D = Non-vault monster count
 E = Vault monster count
 F = Vault count percentage of total count
                 A         B        C        D         E       F
            +---------+---------+-------+---------+---------+-------
      Total |      20 |       0 |   0.0 |      13 |       0 |   0.0
            +---------+---------+-------+---------+---------+-------
        D:1 |      20 |       0 |   0.0 |      13 |       0 |   0.0
            +---------+---------+-------+---------+---------+-------
